 Dungeon Crawl Stone Soup version 0.23.0-28-g6fe0f4d (webtiles) character file.

Game seed: 12736569820273520760

2390 Kairos the Spear-Bearer (level 9, -5/71 HPs)
             Began as a Formicid Abyssal Knight on Feb 25, 2019.
             Was an Elder of Lugonu.
             Slain by Joseph
             ... wielding a +0 quarterstaff of protection
              (11 damage)
             ... on level 7 of the Dungeon.
             The game lasted 00:17:54 (8790 turns).

Kairos the Spear-Bearer (Formicid Abyssal Knight)   Turns: 8790, Time: 00:17:55

Health: -5/71      AC: 12    Str: 20    XL:     9   Next: 74%
Magic:  11/11      EV: 10    Int: 12    God:    Lugonu [****..]
Gold:   337        SH:  0    Dex: 10    Spells: 8/8 levels left

rFire    + + .     SeeInvis +   g - +0 trident
rCold    x . .     Gourm    .   (no shield)
rNeg     + . .     Faith    .   d - +1 fire dragon scales
rPois    +         Spirit   .   (helmet unavailable)
rElec    .         Reflect  .   (no cloak)
rCorr    .         Harm     .   e - +0 pair of gloves
MR       .....                  (no boots)
Stlth    ..........             (no amulet)
HPRegen  0.21/turn              z - ring of poison resistance
MPRegen  0.12/turn              w - ring of positive energy

@: no status effects
A: permanent stasis, dig shafts and tunnels, four strong arms, antennae 3
a: Dig, Shaft Self, Depart the Abyss, Bend Space, Banish, Corrupt, Renounce
Religion


You were on level 7 of the Dungeon.
You worshipped Lugonu.
Lugonu was greatly pleased with you.
You were near starving.

You visited 2 branches of the dungeon, and saw 8 of its levels.
You visited the Abyss 1 time.

You collected 337 gold pieces.

Inventory:

Hand Weapons
 g - a +0 trident (weapon)
 p - a +0 halberd
 v - a +3 quarterstaff of chaos
Missiles
 k - 3 tomahawks (quivered)
Armour
 b - a +0 leather armour
 d - +1 fire dragon scales (worn)
 e - a +0 pair of gloves (worn)
 C - a +0 cloak
Jewellery
 w - a ring of positive energy (right hand)
 z - a ring of poison resistance (left hand)
Wands
 a - a wand of random effects (10)
 j - a wand of digging (7)
 D - a wand of flame (10)
Scrolls
 f - 4 scrolls of fear
 h - 2 scrolls of amnesia {unknown}
 l - a scroll of magic mapping
 q - 3 scrolls of remove curse {unknown}
 s - 3 scrolls of noise {unknown}
 u - 2 scrolls of teleportation {unknown}
 y - a scroll of immolation {unknown}
 A - a scroll of torment {unknown}
 B - 2 scrolls of identify
Potions
 i - a potion of heal wounds
 m - a potion of berserk rage
 n - a potion of ambrosia
 o - 2 potions of flight
 r - 2 potions of curing
 t - 4 potions of degeneration
 x - a potion of magic {unknown}
Comestibles
 c - 9 rations


   Skills:
 + Level 6.5 Fighting
 + Level 9.0 Polearms
 + Level 6.5 Armour
 + Level 3.0 Dodging
 + Level 1.8 Stealth
 + Level 3.3 Invocations


You had 8 spell levels left.
You didn't know any spells.
Your spell library was empty.

Dungeon Overview and Level Annotations

Branches:
Dungeon (7/15)             Temple (1/1) D:7

Altars:
Dithmenos
Elyvilon
Wu Jian

Shops:
D:4 (

Annotations:
D:3 3 runed translucent doors, Borgoz's ghost, amateur DEGl; Borgoz's ghost, amateur GrGl; Scud's ghost, amateur OpTm; coffeespoons's ghost, amateur DDFi; ohad's ghost, amateur OpTm
D:7 Joseph


Innate Abilities, Weirdness & Mutations

You cannot be hasted, slowed, berserked, paralysed or teleported.
You can dig through walls and to a lower floor.
Your four strong arms can wield two-handed weapons with a shield.
You have a pair of large antennae on your head. (SInv)


Message History

You hit Joseph but do no damage.
Joseph is moderately wounded.
Joseph hits you with a +0 quarterstaff of protection!
* * * LOW HITPOINT WARNING * * *
You hit Joseph.
Joseph is heavily wounded.
Joseph closely misses you.
You hit Joseph.
Joseph is heavily wounded.
Joseph barely misses you.
You closely miss Joseph.
Joseph is heavily wounded.
You puncture Joseph!
Joseph is heavily wounded.
Joseph hits you with a +0 quarterstaff of protection!
* * * LOW HITPOINT WARNING * * *
You barely miss Joseph.
Joseph is heavily wounded.
Joseph hits you with a +0 quarterstaff of protection!
You die...

+..................>.........
###.##...##.##.##.##...(...(.
#.####.#.........#.########
#..# #.............#
##.#####..⌠...⌠..#.#
#####..####.........#.#
{...............(>......#
...........#...(.....#.#
...........#.@@...⌠..#.#
.......................#
#######...##.........###
#...###.##.##.##
#(...##..#.##.# #....###....
.# .@#######....# ####
.......##..@(## #.##...(.#


You could see Joseph.

Vanquished Creatures
  Grinder (D:3)
  A hippogriff (D:7)
  An ice beast (D:7)
  An orc warrior (D:6)
  Duvessa (D:4)
  A sky beast (D:4)
  A phantom (D:6)
  An ogre (D:5)
  2 centaurs
  2 bullfrogs (D:6)
  Dowan (D:4)
  4 crimson imps
  A bullfrog zombie (D:5)
  A jelly (D:5)
  Crazy Yiuf (D:4)
  3 orc priests
  3 hounds
  A bullfrog skeleton (D:5)
  2 iguanas
  Jessica (D:3)
  Natasha (thrice) (D:3)
  5 orc wizards
  5 worker ants
  A hound skeleton (D:6)
  A hound zombie (D:5)
  10 gnolls
  3 adders
  3 shadow imps
  An adder skeleton (D:6)
  3 worms
  2 dart slugs
  5 leopard geckos
  21 orcs
  2 ball pythons (D:6)
  6 bats
  3 giant cockroaches
  7 goblins
  6 hobgoblins
  7 jackals
  2 quokkas (D:6)
  6 frilled lizards
  A giant cockroach zombie (D:5)
  A jackal skeleton (D:6)
  7 kobolds
  4 rats (D:3)
  A bush (D:4)
146 creatures vanquished.

Vanquished Creatures (others)
  An orc wizard (D:5)
1 creature vanquished.

Grand Total: 147 creatures vanquished

Notes
Turn   | Place    | Note
-------+----------+-------------------------------------------
     0 | Abyss:1  | Kairos the Formicid Abyssal Knight began the quest for the
                  | Orb.
     0 | Abyss:1  | Reached XP level 1. HP: 18/18 MP: 2/2
    26 | Abyss:1  | Found a sparkling altar of Nemelex Xobeh.
    89 | Abyss:2  | Noticed a guardian serpent
    89 | Abyss:2  | Noticed a naga warrior
    89 | Abyss:2  | Noticed a naga mage
    90 | D:1      | Escaped the Abyss
   153 | D:1      | Reached XP level 2. HP: 22/25 MP: 3/3
   189 | D:1      | Reached * piety under Lugonu
   457 | D:1      | Reached XP level 3. HP: 30/30 MP: 4/4
  1156 | D:2      | Reached skill level 3 in Polearms
  1156 | D:2      | Reached XP level 4. HP: 30/37 MP: 5/5
  2145 | D:3      | Reached XP level 5. HP: 27/42 MP: 6/6
  2265 | D:3      | Found a runed translucent gate.
  2266 | D:3      | Noticed ohad's ghost (amateur OpTm)
  2267 | D:3      | Found a runed translucent gate.
  2267 | D:3      | Found a runed translucent gate.
  2267 | D:3      | Noticed coffeespoons's ghost (amateur DDFi)
  2267 | D:3      | Noticed Borgoz's ghost (amateur GrGl)
  2267 | D:3      | Noticed Borgoz's ghost (amateur DEGl)
  2267 | D:3      | Noticed Scud's ghost (amateur OpTm)
  2349 | D:3      | Noticed Natasha
  2361 | D:3      | Noticed Jessica
  2369 | D:3      | Killed Natasha
  2369 | D:3      | Reached skill level 4 in Polearms
  2369 | D:3      | Reached skill level 1 in Dodging
  2376 | D:3      | Killed Jessica
  2384 | D:3      | Reached ** piety under Lugonu
  2386 | D:3      | Reached XP level 6. HP: 32/48 MP: 7/7
  2421 | D:3      | Found a white marble altar of Elyvilon.
  2895 | D:3      | Noticed Grinder
  2915 | D:3      | Killed Grinder
  2915 | D:3      | Reached skill level 5 in Polearms
  2915 | D:3      | Reached XP level 7. HP: 17/55 MP: 8/8
  3313 | D:3      | Noticed Natasha
  3322 | D:3      | Killed Natasha
  3322 | D:3      | Reached skill level 5 in Fighting
  3424 | D:3      | Noticed Natasha
  3437 | D:3      | Killed Natasha
  3467 | D:3      | Found an ornate altar of the Wu Jian Council.
  3995 | D:4      | Found Sekh's Antique Weapon Boutique.
  4016 | D:4      | Reached skill level 6 in Polearms
  4025 | D:4      | Reached *** piety under Lugonu
  4100 | D:4      | Noticed Duvessa
  4100 | D:4      | Noticed Dowan
  4405 | D:4      | Killed Dowan
  4565 | D:4      | Killed Duvessa
  4565 | D:4      | Reached XP level 8. HP: 58/62 MP: 9/9
  4996 | D:4      | Found a runed translucent door.
  4997 | D:4      | Noticed Crazy Yiuf
  5007 | D:4      | Killed Crazy Yiuf
  5315 | D:5      | Entered Level 5 of the Dungeon
  5326 | D:4      | Reached skill level 1 in Stealth
  5595 | D:5      | Reached skill level 7 in Polearms
  5704 | D:5      | Reached skill level 5 in Armour
  5968 | D:5      | Reached XP level 9. HP: 65/69 MP: 11/11
  6575 | D:6      | Reached skill level 8 in Polearms
  7231 | D:6      | Found a shadowy altar of Dithmenos.
  7346 | D:6      | Reached **** piety under Lugonu
  8172 | D:7      | Noticed a hippogriff
  8200 | D:7      | Killed a hippogriff
  8399 | D:7      | Found a staircase to the Ecumenical Temple.
  8452 | D:7      | Reached skill level 9 in Polearms
  8457 | D:7      | Noticed Joseph
  8481 | Temple   | Entered the Ecumenical Temple
  8790 | D:7      | Slain by Joseph

Skill      XL: |  1  2  3  4  5  6  7  8  9 |
---------------+----------------------------+-----
Fighting       | 4 5 6 |  6.5
Polearms       | 3 4 5 6 7 9 |  9.0
Dodging        | 1 2 3 |  3.0
Armour         | 3 4 5 6 |  6.5
Stealth        | 1 |  1.8
Invocations    | 3 |  3.3

Action                   |  1- 3 |  4- 6 |  7- 9 || total
-------------------------+-------+-------+-------++-------
Melee: Spear             |   112 |    57 |       ||   169
       Halberd           |       |    20 |       ||    20
       Trident           |       |    96 |   646 ||   742
Invok: Depart the Abyss  |     1 |       |       ||     1
       Bend Space        |       |       |     3 ||     3
  Use: Scroll            |     3 |     3 |     4 ||    10
       Potion            |       |       |     7 ||     7
  Eat: Chunk             |       |     6 |     5 ||    11
       Ration            |       |       |     4 ||     4
Armor: Fire dragon scale |    42 |    67 |   247 ||   356
       Skin              |       |       |    64 ||    64
Dodge: Dodged            |    41 |    47 |   222 ||   310
